 Dungeon Crawl Stone Soup version 0.29-a0-648-g6b26cc9f40 (webtiles) character file.

Game seed: 6870581857664448349

337 frimble the Sneak (level 6, -8/43 HPs)
             Began as an Octopode Warper on June 21, 2022.
             Shot with an arrow by a centaur (11 damage)
             ... on level 4 of the Dungeon.
             The game lasted 00:05:14 (4329 turns).

frimble the Sneak (Octopode Warper)                 Turns: 4329, Time: 00:05:14

Health: -8/43      AC:  1    Str: 10    XL:     6   Next: 54%
Magic:  9/9        EV: 13    Int: 16    God:
Gold:   209        SH:  0    Dex: 13    Spells: 9/9 levels left

rFire   . . .      SeeInvis .   l - +2 dagger (protect)
rCold   . . .      Faith    .   (no shield)
rNeg    . . .      Spirit   .   (helmet restricted)
rPois   .          Reflect  .   (no amulet)
rElec   .          Harm     .   (no ring)
rCorr   .          Rampage  .   (no ring)
Will    .....                   (no ring)
Stlth   ++++......              (no ring)
HPRegen 0.14/turn               (no ring)
MPRegen 0.11/turn               (no ring)
                                (no ring)
                                (no ring)

@: no status effects
A: almost no armour, amphibious, 8 rings, camouflage 1, gelatinous body 1,
(nimble swimmer 1), tentacles
a: no special abilities


You were on level 4 of the Dungeon.
You visited 1 branch of the dungeon, and saw 4 of its levels.

You collected 209 gold pieces.

Inventory:

Hand Weapons
 a - a +0 falchion
 d - a +0 long sword of freezing
 l - a +2 dagger of protection (weapon)
Missiles
 c - 7 boomerangs of dispersal
 g - 16 poisoned darts (quivered)
 m - a throwing net
 s - 6 javelins
 v - 2 boomerangs
Wands
 q - a wand of mindburst (5)
 x - a wand of charming (6)
Scrolls
 b - a scroll of blinking
 e - a scroll of brand weapon
 j - a scroll of poison
 n - 2 scrolls of identify
 p - a scroll of vulnerability {unknown}
 r - 3 scrolls of fog {unknown}
 t - a scroll of immolation {unknown}
 u - 2 scrolls of teleportation {unknown}
Potions
 f - 3 potions of flight
 h - 3 potions of curing
 i - 2 potions of lignification
 k - 2 potions of invisibility {unknown}
 o - a potion of brilliance {unknown}
 w - a potion of attraction {unknown}
 z - a potion of heal wounds {unknown}


   Skills:
 + Level 3.9 Fighting
 + Level 3.0(3.5) Short Blades
 - Level 2.8(3.5) Long Blades
 - Level 1.0 Throwing
 - Level 2.3 Dodging
 + Level 5.0 Stealth
 - Level 2.0 Spellcasting
 - Level 3.0 Translocations


You had 9 spell levels left.
You didn't know any spells.
Your spell library contained the following spells:

 Spells                   Type           Power      Damage    Failure   Level
 Blink                    Tloc           22%        N/A       9%          2
 Gell's Gravitas          Tloc           11%        N/A       19%         3
 Lesser Beckoning         Tloc           11%        N/A       19%         3
 Teleport Other           Tloc           11%        N/A       19%         3
 Manifold Assault         Tloc           11%        N/A       86%         5
 Leda's Liquefaction      Hex/Erth       0%         N/A       90%         4
 Lee's Rapid Deconstruct  Erth           0%         3d5*      99%         5
 Statue Form              Tmut/Erth      0%         N/A       100%        6


Dungeon Overview and Level Annotations

Branches:
Dungeon (4/15)
 Temple: D:4-7

Altars:

Annotations:
D:4 exclusion: centaur


Innate Abilities, Weirdness & Mutations

You cannot wear most types of armour.
You are amphibious.
You can wear up to eight rings at the same time.
Your skin changes colour to match your surroundings (Stealth+).
Your rubbery body absorbs attacks. (AC +1, EV +1)
((You are camouflaged when in or above water. (Stealth+)))
You have tentacles for arms and can constrict up to eight enemies at once.


Message History

Things that are here:
a +0 club; a +0 leather armour; the goblin corpse of Ijyb You see here a +0 helmet.
You see here a +0 scale mail.
g - 14 poisoned darts (gained 1)
g - 16 poisoned darts (gained 2) Unknown command.
Really wriggle into a travel-excluded area?
Okay, then.
Really wriggle into a travel-excluded area?
No reachable target in view!
Unknown command.
The centaur shouts!
The centaur wields a +0 shortbow.
The centaur shoots an arrow.
The arrow hits you!
Aiming: Mindburst
Press: ? - help, Shift-Dir - straight line, f - centaur
Aim: a centaur, wielding a +0 shortbow (chance to affect: 64%)
The centaur's mind is blasted!
The centaur shoots an arrow.
The arrow hits you!
The centaur shoots an arrow.
The arrow hits you!
* * * LOW HITPOINT WARNING * * *
Aiming: Mindburst
Press: ? - help, Shift-Dir - straight line, f/p - centaur
Aim: a centaur, wielding a +0 shortbow (almost dead, chance to affect: 64%)
The centaur struggles to resist.
The centaur shoots an arrow.
The arrow barely misses you.
Aiming: Mindburst
Press: ? - help, Shift-Dir - straight line, f/p - centaur
Aim: a centaur, wielding a +0 shortbow (almost dead, chance to affect: 64%)
The centaur struggles to resist.
The centaur shoots an arrow.
The arrow hits you!
* * * LOW HITPOINT WARNING * * *
Okay, then.
Unknown command.
Aiming: Mindburst
Press: ? - help, Shift-Dir - straight line, f/p - centaur
Aim: a centaur, wielding a +0 shortbow (almost dead, chance to affect: 64%)
The centaur struggles to resist.
The centaur shoots an arrow.
The arrow hits you!
You die...

##.....## ###.# #
##...## #...### #.....#
##......
#.....####..####.
#.....#.....##...
#....?#.##.....##
###.<..$...#####.
#####.......#.# ##..
##...@...c..... #..#
##..########## ##.##
#...# #####..##
#...###########......รท.
#...............###.###
#...#########.....#.#
#...# #.......# #...#
#.....#### #####
#.........


You could see a centaur.

Vanquished Creatures
  A phantom (D:4)
  A hound (D:4)
  An orc priest (D:4)
  A gnoll shaman (D:4)
  An orc wizard (D:4)
  Ijyb (D:4)
  3 gnolls (D:4)
  3 adders
  5 worms
  3 orcs (D:4)
  3 ball pythons
  11 bats
  7 endoplasms
  4 giant cockroaches
  6 goblins
  3 hobgoblins
  2 jackals (D:2)
  2 quokkas
  4 frilled lizards
  7 kobolds
  3 rats
72 creatures vanquished.

Notes
Turn   | Place    | Note
-------+----------+-------------------------------------------
     0 | D:1      | frimble the Octopode Warper began the quest for the Orb.
     0 | D:1      | Reached XP level 1. HP: 14/14 MP: 3/3
    90 | D:1      | Reached skill level 1 in Stealth
   102 | D:1      | Reached XP level 2. HP: 19/19 MP: 5/5
  1112 | D:1      | Found a faded altar of an unknown god.
  1116 | D:1      | Reached skill level 2 in Stealth
  1116 | D:1      | Reached XP level 3. HP: 24/24 MP: 6/6
  2111 | D:2      | Reached XP level 4. HP: 30/30 MP: 7/7
  2121 | D:2      | Reached skill level 1 in Short Blades
  2802 | D:3      | Reached skill level 3 in Stealth
  3291 | D:4      | Reached XP level 5. HP: 18/36 MP: 8/8
  3493 | D:4      | Reached skill level 4 in Stealth
  3600 | D:4      | Noticed a centaur
  3716 | D:4      | Reached XP level 6. HP: 15/42 MP: 9/9
  4195 | D:4      | Noticed Ijyb
  4204 | D:4      | Killed Ijyb
  4205 | D:4      | Reached skill level 5 in Stealth
  4328 | D:4      | HP: 2/43 [centaur/arrow (9)]
  4329 | D:4      | Shot with an arrow by a centaur

Illustrated notes

Levels and vault maps discovered:
D:1:      sevenhm_arrival_forest_fort_small_4, layout_basic,
          serial_co_window_serial, co_window_paths_a, co_window_paths_a,
          co_window_corner_a, co_window_of_opportunity_a, co_window_corner_a,
          co_window_of_opportunity_c, co_window_unsneaky_path_b,
          co_window_broadway_a, co_window_paths_c, glass_columns_a,
          hellmonk_ecumenical_altar_inner_sanctum
D:2:      layout_loops_ring, minmay_crystal_room
D:3:      layout_basic
D:4:      layout_rooms, uniq_ijyb

Skill      XL: |  1  2  3  4  5  6 |
---------------+-------------------+-----
Stealth        | 1 2 3 4 5 |  5.0
Short Blades   | 1 2 3 |  3.0
Fighting       | 3 |  3.9
Long Blades    | |  2.8
Throwing       | |  1.0
Dodging        | |  2.3
Spellcasting   | |  2.0
Translocations | |  3.0

Action                   |  1- 3 |  4- 6 || total
-------------------------+-------+-------++-------
Melee: Falchion          |     6 |       ||     6
       Long sword        |    52 |       ||    52
       Constrict         |    15 |    17 ||    32
       Tentacles         |    12 |    18 ||    30
       Dagger            |    10 |    79 ||    89
       Punch             |     1 |       ||     1
Throw: Dart              |       |    24 ||    24
Evoke: Wand              |       |     5 ||     5
  Use: Scroll            |     3 |     4 ||     7
 Stab: Sleeping          |    13 |    11 ||    24
Armor: Skin              |    12 |    14 ||    26
Dodge: Dodged            |    41 |    29 ||    70

Table legend: (Time is in decaauts)
 A = Elapsed time spent in this place.
 B = Non-inter-level travel time spent in this place.
 C = Inter-level travel time spent in this place.
 D = Time resting spent in this place.
 E = Time spent auto-exploring this place.
 F = Levels seen in this place.
 G = Mean time per level.
                   A        B        C        D        E       F      G
               +--------+--------+--------+--------+--------+-----+--------+
         Total |   4330 |   4156 |    174 |    288 |   3213 |   4 | 1082.5 |
       Dungeon |   4330 |   4156 |    174 |    288 |   3213 |   4 | 1082.5 |
               +--------+--------+--------+--------+--------+-----+--------+

Top non-repeatable levels by time:
     D:1: 1606 daAuts
     D:4: 1156 daAuts
     D:3: 791 daAuts
     D:2: 775 daAuts
